 Dungeon Crawl Stone Soup version 0.22.1-2-g9c5b331 (webtiles) character file.

117 Harpaggios the Ruffian (level 4, -1/37 HPs)
             Began as a Draconian Transmuter on Dec 30, 2018.
             Killed from afar by Natasha (10 damage)
             ... with a magic dart
             ... on level 3 of the Dungeon.
             The game lasted 00:09:08 (2242 turns).

Harpaggios the Ruffian (Draconian Transmuter)       Turns: 2242, Time: 00:09:11

Health: -1/37      AC:  5    Str: 13    XL:     4   Next: 71%
Magic:  7/7        EV: 12    Int: 14    God:
Gold:   53         SH:  0    Dex: 11    Spells: 1/7 levels left

rFire    . . .     SeeInvis .     - Unarmed
rCold    . . .     Gourm    +   (no shield)
rNeg     . . .     Faith    .   (armour unavailable)
rPois    .         Spirit   .   (helmet restricted)
rElec    .         Reflect  .   (no cloak)
rCorr    .         Harm     .   (no gloves)
MR       .....                  (boots currently unavailable)
Stlth    +.........             h - amulet of the gourmand
HPRegen  0.12/turn              (no ring)
MPRegen  0.10/turn              (no ring)

@: appendage (expiring)
A: unfitting armour, talons 3, cold-blooded, AC +5
a: End Transformation


You were on level 3 of the Dungeon.
You were not hungry.
You had grown temporary talons.
You visited 1 branch of the dungeon, and saw 3 of its levels.

You collected 53 gold pieces.

Inventory:

Missiles
 a - 21 arrows
Jewellery
 f - an uncursed ring of positive energy {unknown}
 h - an amulet of the gourmand (around neck)
Scrolls
 g - a scroll of remove curse {unknown}
Potions
 b - a potion of ambrosia {unknown}
 d - a potion of degeneration {unknown}
 e - a potion of brilliance {unknown}
 i - 2 potions of agility {unknown}
 j - a potion of might {unknown}
Comestibles
 c - 2 rations


   Skills:
 + Level 2.4 Fighting
 - Level 2.4 Dodging
 + Level 3.6 Unarmed Combat
 - Level 2.0 Spellcasting
 * Level 3.5 Transmutations


You had one spell level left.
You knew the following spells:

 Your Spells              Type           Power        Failure   Level  Hunger
a - Beastly Appendage     Tmut           ##....       5%          1    ##.....
b - Sticks to Snakes      Tmut           ##......     9%          2    ###....
c - Spider Form           Tmut/Pois      #.........   34%         3    ####...

Your spell library contained the following spells:

 Spells                   Type           Power        Failure   Level  Hunger
 Ice Form                 Ice/Tmut       #.......     75%         4    #####..
 Blade Hands              Tmut           ##........   83%         5    ######.


Dungeon Overview and Level Annotations

Branches:
Dungeon (3/15)

Altars:
Vehumet
Zin

Annotations:
D:3 Ijyb, Natasha, Terence


Innate Abilities, Weirdness & Mutations

Your plain brown scales are hard. (AC +5)
You cannot fit into any form of body armour.
You are cold-blooded and may be slowed by cold attacks.
You have claws for feet.


Message History

Natasha stares at you and mumbles some strange words.
You resist with some effort.
You hit Natasha. Your kick misses Natasha.
Your tail-slap misses Natasha.
Natasha is severely wounded.
The shadow imp gestures at you. Pain shoots through your body!
Natasha casts a spell at you. The magic dart hits you!
You completely miss Natasha.
Your tail-slap misses Natasha.
Natasha is severely wounded.
The shadow imp hits you.
* * * LOW HITPOINT WARNING * * *
Natasha closely misses you.
You miss Natasha.
Your tail-slap misses Natasha.
Natasha is severely wounded.
The shadow imp hits you.
* * * LOW HITPOINT WARNING * * *
Natasha casts a spell at you. The magic dart hits you!
You die...

♣.♣ +##.##
♣♣♣♣≈♣♣♣♣♣♣.#)...
♣♣♣P♣≈≈.P♣P♣♣.#...
.≈≈.≈≈≈≈≈≈.≈..#...
♣≈≈♣♣≈≈≈♣♣PP..#...
♣♣♣♣♣♣≈♣♣♣♣♣♣.##.#
..♣ .≈.♣.♣....#5#
#.#
♣≈♣♣......#h###.#
#.#
P≈♣♣♣####.#@....#
#.# .♣ #..5.####
#.# ..=...###.#
#.# #####. .# #..
.. .# ### ### .#
.# .#


You could see Natasha, a white imp and a shadow imp.

Vanquished Creatures
  A jelly (D:3)
  3 adders
  3 worms (D:2)
  2 dart slugs
  A leopard gecko (D:1)
  An orc (D:3)
  4 bats
  A giant cockroach (D:1)
  9 goblins
  4 hobgoblins
  7 jackals
  A quokka (D:3)
  2 frilled lizards
  A kobold (D:2)
  2 rats (D:2)
42 creatures vanquished.

Notes
Turn   | Place    | Note
-------+----------+-------------------------------------------
     0 | D:1      | Harpaggios the Draconian Transmuter began the quest for the
                  | Orb.
     0 | D:1      | Reached XP level 1. HP: 16/16 MP: 3/3
   148 | D:1      | Reached XP level 2. HP: 16/23 MP: 5/5
   313 | D:1      | Learned a level 2 spell: Sticks to Snakes
   728 | D:2      | Reached XP level 3. HP: 21/29 MP: 6/6
   837 | D:2      | Found a glowing silver altar of Zin.
  1095 | D:2      | Found a radiant altar of Vehumet.
  1446 | D:2      | Reached XP level 4. HP: 26/36 MP: 7/7
  1798 | D:3      | Noticed Terence
  1802 | D:3      | Noticed Ijyb
  2126 | D:3      | Learned a level 3 spell: Spider Form
  2229 | D:3      | Noticed Natasha
  2242 | D:3      | Killed from afar by Natasha

Skill      XL: |  1  2  3 |
---------------+----------+-----
Dodging        | 2 |  2.4
Fighting       | 2 |  2.4
Transmutations | 3 |  3.5
Unarmed Combat | |  3.6
Spellcasting   | |  2.0

Action                   |  1- 3 |  4- 6 || total
-------------------------+-------+-------++-------
Melee: Unarmed           |   126 |    40 ||   166
       Tailslap          |    15 |     5 ||    20
       Kick              |     8 |     6 ||    14
       Headbutt          |     1 |     1 ||     2
       Punch             |     1 |       ||     1
 Cast: Beastly Appendage |    18 |     4 ||    22
       Sticks to Snakes  |       |     2 ||     2
  Use: Scroll            |     3 |     1 ||     4
       Potion            |     2 |       ||     2
  Eat: Chunk             |     6 |     3 ||     9
Armor: Skin              |    25 |     6 ||    31
Dodge: Dodged            |    65 |    30 ||    95
